 Dungeon Crawl Stone Soup version 0.31.0-12-g77e489cdc1 (webtiles) character file.

Game seed: 16317909224379906598

14869 Gadfly the Covert (level 11, -1/56 HPs)
             Began as a Spriggan Enchanter on Feb 17, 2024.
             Was an Initiate of Gozag.
             Slain by a cyclops (19 damage)
             ... on level 12 of the Dungeon.
             The game lasted 00:20:30 (13983 turns).

Gadfly the Covert (Spriggan Enchanter)             Turns: 13983, Time: 00:20:30

Health: -1/56      AC:  4    Str: 12    XL:     11   Next: 94%
Magic:  16/25      EV: 27    Int: 25    God:    Gozag
Gold:   1658       SH:  0    Dex: 23    Spells: 18/28 levels left

rFire   . . .        a - +2 dagger (flame)
rCold   x . .        (no shield)
rNeg    + . .        n - +0 robe
rPois   +            (helmet restricted)
rElec   .            f - +1 cloak
rCorr   .            (gloves unavailable)
SInv    +            (boots unavailable)
Will    +....        g - amulet of the acrobat
Stlth   ++++++       l - +6 ring of dexterity
HPRegen 0.29/turn    e - ring "Launwes" {rPois rC- rN+ Str+8 Int+5}
MPRegen 0.19/turn

%: acrobat
@: very quick
A: very small, no large weapons, unfitting armour, see invisible, speed 3
a: Renounce Religion, Potion Petition, Call Merchant, Bribe Branch


You were on level 12 of the Dungeon.
You worshipped Gozag.
Gozag was most pleased with you.
You visited 2 branches of the dungeon, and saw 13 of its levels.

You collected 1756 gold pieces.
You paid 98 gold pieces to Gozag.

Inventory:

Hand Weapons
 a - a +2 dagger of flaming (weapon)
 b - a +2 vampiric dagger
 h - a +0 short sword of speed
 x - a +2 scimitar of flaming
 E - a +3 rapier
 H - a +1 short sword of venom
Missiles
 p - 6 throwing nets
Armour
 f - a +1 cloak (worn)
 n - a +0 robe (worn)
Jewellery
 e - the ring "Launwes" (right hand) {rPois rC- rN+ Str+8 Int+5}
   (You acquired it on level 11 of the Dungeon)

   [ring of poison resistance]

   Str+8:     It affects your strength (+8).
   Int+5:     It affects your intelligence (+5).
   rC-:       It makes you vulnerable to cold.
   rPois:     It protects you from poison rN+: It protects you from negative
   energy.
 g - an amulet of the acrobat (around neck)
 i - a +4 ring of protection
 l - a +6 ring of dexterity (left hand)
 m - a +5 ring of evasion
 y - an amulet of regeneration
 G - a +5 ring of evasion
Wands
 q - a wand of digging (7)
 v - a wand of polymorph (5)
 z - a wand of flame (6)
 B - a wand of roots (4)
Scrolls
 j - 2 scrolls of fear
 k - 4 scrolls of teleportation
 s - 2 scrolls of enchant armour
 C - 2 scrolls of blinking
 F - 3 scrolls of identify
Potions
 c - 5 potions of invisibility
 d - 3 potions of enlightenment
 o - 2 potions of magic
 r - a potion of haste
 t - a potion of heal wounds
 u - 2 potions of might
 w - a potion of lignification
 A - 3 potions of curing
 D - a potion of attraction


   Skills:
 + Level 6.2 Fighting
 + Level 8.4 Short Blades
 + Level 10.1 Dodging
 + Level 12.2 Stealth
 + Level 9.1 Spellcasting
 + Level 9.5 Hexes
 + Level 9.4 Evocations


You had 18 spell levels left.
You knew the following spells:

 Your Spells              Type           Power      Damage    Failure   Level
a - Ensorcelled Hibernat  Hex/Ice        70%        N/A       1%          2
b - Confusing Touch       Hex            56%        N/A       1%          3
c - Yara's Violent Unrav  Hex/Alch       17%        3d8       22%         5

Your spell library contained the following spells:

 Spells                   Type           Power      Damage    Failure   Level
 Tukima's Dance           Hex            56%        N/A       1%          3
 Dazzling Flash           Conj/Hex       70%        N/A       2%          3
 Necrotise                Necr           44%        1d6       5%          1
 Sting                    Conj/Alch      44%        1d5       5%          1
 Call Imp                 Summ           22%        N/A       9%          2
 Mercury Vapours          Alch/Air       22%        N/A       9%          2
 Sublimation of Blood     Necr           11%        N/A       9%          2
 Fugue of the Fallen      Necr           11%        N/A       16%         3
 Ozocubu's Armour         Ice            11%        N/A       16%         3
 Vampiric Draining        Necr           11%        2d6       16%         3
 Manifold Assault         Tloc           11%        N/A       47%         4
 Martyr's Knell           Necr/Summ      11%        N/A       47%         4
 Olgreb's Toxic Radiance  Alch           11%        N/A       47%         4
 Passage of Golubria      Tloc           11%        N/A       47%         4
 Curse of Agony           Necr           11%        N/A       83%         5
 Summon Hydra             Summ           5%         N/A       100%        7


Dungeon Overview and Level Annotations

Branches:
Dungeon (12/15)            Temple (1/1) D:6            Lair (0/5) D:9
    Orc (0/2) D:12

Altars:
Ashenzari
Cheibriados
Dithmenos
Elyvilon
Fedhas
Gozag
Hepliaklqana
Kikubaaqudgha
Makhleb
Nemelex Xobeh
Okawaru
Qazlal
Ru
Sif Muna
Trog
Uskayaw
Vehumet
Wu Jian
Xom
Yredelemnul
Zin
The Shining One

Shops:
D:6 =

Portals:
Trove: D:12 (give +7 demon trident)


Innate Abilities, Weirdness & Mutations

You are very small and have problems with some larger weapons.
You are too small for most types of armour.
You have supernaturally acute eyesight. (SInv)
You cover ground extremely quickly. (Speed+++)


Message History

Things that are here:
a +1 short sword of venom; 2 curare-tipped darts
Okay, then.
H - a +1 short sword of venom You now have 1653 gold pieces (gained 5).
You see here 5 gold pieces.
A cyclops is nearby!
A cyclops is nearby!
A cyclops is nearby!
You now have 1658 gold pieces (gained 5).
A cyclops is nearby!
The cyclops shouts!
The cyclops resists with some effort.
You hit the cyclops. You burn the cyclops.
The cyclops is lightly wounded.
The cyclops resists with some effort.
The cyclops hits you!!
Ouch! That really hurt!
You are too injured to fight recklessly!
You are too injured to fight recklessly!
Casting: Ensorcelled Hibernation (safe; 1% risk of failure)
Confirm with . or Enter, or press ? or * to list all spells.
Aiming: Ensorcelled Hibernation (safe; 1% risk of failure)
Press: ? - help, Shift-Dir - straight line, f/p - cyclops
Aim: a cyclops, quivering large rocks (lightly wounded, chance to affect: 46%)
The cyclops resists with some effort.
Unknown command.
Casting: Ensorcelled Hibernation (safe; 1% risk of failure)
Confirm with . or Enter, or press ? or * to list all spells.
Aiming: Ensorcelled Hibernation (safe; 1% risk of failure)
Press: ? - help, Shift-Dir - straight line, f/p - cyclops
Aim: a cyclops, quivering large rocks (lightly wounded, chance to affect: 46%)
The cyclops resists with some effort.
The cyclops hits you!
Casting: Ensorcelled Hibernation (safe; 1% risk of failure)
Confirm with . or Enter, or press ? or * to list all spells.
Aiming: Ensorcelled Hibernation (safe; 1% risk of failure)
Press: ? - help, Shift-Dir - straight line, f/p - cyclops
Aim: a cyclops, quivering large rocks (lightly wounded, chance to affect: 46%)
The cyclops resists with some effort.
The cyclops hits you!!
You die...
Your body crumbles into a pile of gold.

......# #.# ......# ###
#.#
......##+####.###.#####
.........(............#
..................[...#
.....#######..........#
....? #..........#
..... #.........##
..... #....@....# .....
+....C....# ...
#.........#
.......###..# .......#
..# ######### ##


You could see a cyclops.

Vanquished Creatures
  Harold (D:11)
  Erica (D:9)
  A boulder beetle (D:12)
  2 two-headed ogres (D:11)
  Sonja (D:12)
  Pikel (D:9)
  3 ugly things
  2 gargoyles
  2 komodo dragons (D:11)
  A kobold demonologist (D:12)
  A hornet (D:7)
  A troll (D:9)
  Prince Ribbit (D:8)
  A vampire (D:9)
  3 wraiths
  5 yaks (D:12)
  15 vampire mosquitoes
  3 steam dragons
  Grum (D:9)
  Menkaure (D:7)
  An acid dragon (D:9)
  An ice beast (D:5)
  A sky beast (D:6)
  A black bear (D:7)
  4 orc warriors
  2 wolves (D:9)
  An ogre (D:7)
  4 centaurs
  2 phantoms
  2 kobold brigands
  A bullfrog (D:7)
  4 scorpions
  5 wights (D:8)
  4 killer bees (D:8)
  4 howler monkeys
  A jelly (D:6)
  6 hounds
  2 bombardier beetles
  5 orc priests
  3 gnoll boudas
  Terence (D:2)
  9 orc wizards
  A sleepcap (D:7)
  Natasha (thrice) (D:2)
  9 iguanas
  17 gnolls
  8 adders
  A shadow imp (D:5)
  2 white imps
  A ribbon worm (D:3)
  36 orcs
  13 ball pythons
  4 endoplasms
  2 giant cockroaches
  6 goblins
  9 hobgoblins
  7 jackals (D:1)
  3 quokkas
  9 bats
  3 frilled lizards (D:1)
  10 kobolds
  3 rats
  A butterfly (D:6)
259 creatures vanquished.

Notes
Turn   | Place    | Note
-------+----------+-------------------------------------------
     0 | D:1      | Gadfly the Spriggan Enchanter began the quest for the Orb.
     0 | D:1      | Reached XP level 1. HP: 9/9 MP: 5/5
   190 | D:1      | Reached XP level 2. HP: 13/13 MP: 6/6
   193 | D:1      | Learned a level 2 spell: Ensorcelled Hibernation
   486 | D:1      | Reached XP level 3. HP: 6/17 MP: 2/8
   548 | D:1      | Learned a level 3 spell: Confusing Touch
   949 | D:2      | Noticed Natasha
   967 | D:2      | Killed Natasha
   968 | D:2      | Reached skill level 1 in Evocations
  1096 | D:2      | Noticed Terence
  1098 | D:2      | Killed Terence
  1099 | D:2      | Reached skill level 5 in Stealth
  1099 | D:2      | Reached XP level 4. HP: 21/21 MP: 9/9
  1120 | D:2      | Noticed Natasha
  1126 | D:2      | Killed Natasha
  1127 | D:2      | Reached skill level 1 in Fighting
  1282 | D:2      | Noticed Natasha
  1581 | D:2      | Killed Natasha
  1582 | D:2      | Reached XP level 5. HP: 25/25 MP: 7/11
  1783 | D:2      | Learned a level 5 spell: Yara's Violent Unravelling
  2121 | D:3      | Found a faded altar of an unknown god.
  2854 | D:3      | Reached XP level 6. HP: 15/26 MP: 12/12
  3491 | D:4      | Reached skill level 6 in Stealth
  3627 | D:4      | Reached XP level 7. HP: 35/35 MP: 11/14
  3758 | D:4      | Reached skill level 5 in Hexes
  4481 | D:5      | Entered Level 5 of the Dungeon
  4527 | D:5      | Reached skill level 5 in Dodging
  4577 | D:5      | Reached XP level 8. HP: 37/39 MP: 12/16
  4582 | D:5      | Reached skill level 7 in Stealth
  4842 | D:5      | Found a burning altar of Makhleb.
  4918 | D:5      | Found a snail-covered altar of Cheibriados.
  4925 | D:5      | Reached skill level 5 in Spellcasting
  5142 | D:5      | Found an ancient bone altar of Kikubaaqudgha.
  5143 | D:5      | Found a blossoming altar of Fedhas.
  5581 | D:5      | Found a sparkling altar of Nemelex Xobeh.
  5845 | D:6      | Found Tedah's Jewellery Emporium.
  5983 | D:6      | Found a hide-covered altar of Uskayaw.
  6105 | D:6      | Found an opulent altar of Gozag.
  6122 | D:6      | Became a worshipper of Gozag Ym Sagoz the Greedy
  6131 | D:6      | Reached skill level 5 in Evocations
  6153 | D:6      | Found a staircase to the Ecumenical Temple.
  6163 | Temple   | Entered the Ecumenical Temple
  6724 | D:6      | Reached skill level 8 in Stealth
  7064 | D:7      | Reached skill level 5 in Short Blades
  7071 | D:7      | Reached XP level 9. HP: 29/44 MP: 2/18
  7392 | D:7      | Paralysed by a hornet for 3 turns
  7394 | D:7      | HP: 1/44 [hornet (6)]
  7402 | D:7      | HP: 2/45 [poisoned by a hornet]
  7681 | D:7      | Noticed Menkaure
  7689 | D:7      | Killed Menkaure
  8160 | D:7      | Found a broken altar of Ashenzari.
  8482 | D:8      | Reached skill level 9 in Stealth
  8649 | D:8      | Found a glowing golden altar of the Shining One.
  8661 | D:8      | Noticed Prince Ribbit
  8682 | D:8      | Killed Prince Ribbit
  9630 | D:9      | Found a shimmering altar of Xom.
  9631 | D:9      | Noticed Erica
  9631 | D:9      | Noticed Pikel
  9664 | D:9      | Killed Erica
  9665 | D:9      | Reached XP level 10. HP: 51/51 MP: 16/21
  9752 | D:9      | Killed Pikel
  9983 | D:9      | Reached skill level 10 in Stealth
 10156 | D:9      | Found a staircase to the Lair.
 10214 | D:9      | Noticed Grum
 10216 | D:9      | Killed Grum
 10543 | D:9      | Reached skill level 5 in Fighting
 10664 | D:9      | Found a bloodstained altar of Trog.
 10975 | D:10     | Entered Level 10 of the Dungeon
 11100 | D:10     | Found a basalt altar of Yredelemnul.
 11698 | D:11     | Identified a scroll of acquirement
 11698 | D:11     | Acquired the ring "Launwes" {rPois rC- rN+ Str+8 Int+5}
 11735 | D:11     | Noticed Harold
 11742 | D:11     | Killed Harold
 11766 | D:11     | Noticed a gargoyle
 11838 | D:11     | Killed a gargoyle
 11839 | D:11     | Reached skill level 11 in Stealth
 11839 | D:11     | Reached XP level 11. HP: 34/56 MP: 20/24
 12437 | D:11     | Noticed a two-headed ogre
 12444 | D:11     | Killed a two-headed ogre
 12671 | D:11     | Noticed a two-headed ogre
 12676 | D:11     | Killed a two-headed ogre
 12845 | D:11     | Noticed a green ugly thing
 12866 | D:11     | Killed a green ugly thing
 12988 | D:12     | Noticed a cyan ugly thing
 12994 | D:12     | Killed a cyan ugly thing
 13361 | D:12     | Found a portal to a secret trove of treasure.
 13379 | D:12     | Noticed a boulder beetle
 13387 | D:12     | Killed a boulder beetle
 13488 | D:12     | Noticed a cyan ugly thing
 13494 | D:12     | Killed a cyan ugly thing
 13495 | D:12     | Reached skill level 12 in Stealth
 13615 | D:12     | Reached skill level 10 in Dodging
 13637 | D:12     | Found a staircase to the Orcish Mines.
 13949 | D:12     | Noticed Sonja
 13955 | D:12     | Killed Sonja
 13983 | D:12     | Slain by a cyclops

Illustrated notes

Levels and vault maps discovered:
D:1:      evilmike_arrival_crescent, layout_basic, minmay_misc_feat_tower
D:2:      layout_loops_ring, uniq_natasha, uniq_terence
D:3:      minmay_razor_zed, layout_loops_corners,
          ebering_ecumenical_altar_abandoned, chequers_serial_rivers_micro_b
D:4:      layout_loops_ring
D:5:      layout_basic, general_overflow_altar, slow_altar_2,
          mainiacjoe_overflow_concentric_impassable,
          grunt_temple_overflow_growth_and_decay
D:6:      layout_layer_cave, lemuel_round_altar, grunt_gozag_statues,
          minmay_temple_entry_butterflies, serial_shops, shop,
          dk_rats_in_the_wall
D:7:      layout_cave_pools, ashenzari_conservatory_becter,
          minmay_misc_feat_nine_boxes, uniq_menkaure
D:8:      nicolae_cairo_tiling_large, layout_loops_cross, old_standard_altar,
          uniq_prince_ribbit1
D:9:      layout_basic, xom_butterflies, trog_butcher_becter, lair_entry_dummy,
          serial_rivers, chequers_serial_rivers_room_b,
          chequers_serial_rivers_small_b, chequers_serial_rivers_micro_e,
          chequers_serial_rivers_marsh, uniq_grum, uniq_maurice, uniq_pikel,
          uniq_erica
D:10:     layout_loops_ring, mainiacjoe_overflow_cross_hatched
D:11:     layout_layer_cave, uniq_harold
D:12:     layout_irregular_city, orc_0_dummy, nicolae_trove_entry_crossroad,
          uniq_sonja
Temple:   eino_wide_crystal_templ

Skill      XL: |  1  2  3  4  5  6  7  8  9 10 11 |
---------------+----------------------------------+-----
Short Blades   | 2 3 4 5 6 7 8 |  8.4
Dodging        | 3 4 5 6 7 8 10 | 10.1
Spellcasting   | 3 4 5 7 8 9 |  9.1
Hexes          | 4 5 6 7 8 9 |  9.5
Evocations     | 1 2 3 4 5 6 8 9 |  9.4
Stealth        | 5 6 8 9 11 12 | 12.2
Fighting       | 1 2 3 4 5 6 |  6.2

Action                     |  1- 3 |  4- 6 |  7- 9 | 10-12 || total
---------------------------+-------+-------+-------+-------++-------
  Melee: Dagger            |    99 |   137 |   251 |   243 ||   730
         Punch             |     1 |     1 |     2 |     3 ||     7
   Cast: Ensorcelled Hiber |     5 |    37 |   100 |    61 ||   203
         Confusing Touch   |       |       |     6 |    20 ||    26
    Use: Scroll            |     1 |     4 |    12 |     4 ||    21
         Potion            |       |       |     2 |       ||     2
   Stab: Sleeping          |     7 |    27 |    71 |    48 ||   153
         Confused          |       |       |     6 |    20 ||    26
         Distracted        |       |       |     1 |     2 ||     3
 Armour: Robe              |    27 |    48 |    80 |    57 ||   212
  Dodge: Dodged            |    73 |   163 |   267 |   222 ||   725
